Unix NetHack Version 3.7.0-53 Work-in-progress - last build Apr 11 2022 03:59:15 (1e4a17dd8e4cd83bd3ef5d46a59529246cfc2aae,branch:master). Game began 2022-04-12 00:18:09, ended 2022-04-12 02:31:52. Gandelf, neutral male human Monk --------------- |.............| -------- |.............| |.......####### ------ |.............| #-......|###########.....| |.............| ###|......| #####|....| -----|---.----- # ------+- ....)| ## 0###########%### ##### |....| # 0#%###### #0 |....| ### ############ ###-..<.| # ---------# # ### ------ ------.---- ........|# -[----.-- ## |.......... 0#########|.......|# |.d.....-## |.........| #########-.......-# |.....o.| |..........#### |.......| |...)@..| |.........| |.......| |...%[..| |.........| --------- |>._%...| |.........| ------#-- ----------- Gandelf the Initiate St:16 Dx:13 Co:12 In:11 Wi:14 Ch:9 Neutral S:2924 Dlvl:5 $:932 HP:0(46) Pw:35(35) AC:4 Xp:6/448 T:2796 Fainting Overtaxed Deaf Latest messages: There is an open door here. There are several objects here. You hit the Mordor orc! The Mordor orc hits! You kill the Mordor orc! The Mordor orc wields a curved sword! You kill the Mordor orc! The little dog eats a Mordor orc corpse. There are several objects here. You have a little trouble lifting $ - 15 gold pieces. The Mordor orc wields a curved sword! You hit the Mordor orc! The Mordor orc throws a knife! A knife misses you. You feel more confident in your fighting skills. You hit the Mordor orc! You hit the Mordor orc! The Mordor orc turns to flee. You hit the Mordor orc! The Mordor orc hits! You kill the Mordor orc! The Mordor orc hits! The Mordor orc swings her curved sword. The Mordor orc misses! You hit the Mordor orc! The Mordor orc misses! The Mordor orc swings her curved sword. The Mordor orc hits! You hit the Mordor orc! The Mordor orc misses! The Mordor orc swings her curved sword. The Mordor orc hits! You kill the Mordor orc! You kill the Mordor orc! You have extreme difficulty lifting a Mordor orc corpse. Continue? [ynq] (q) y U - a Mordor orc corpse. You can barely move a handspan with this load! You faint from lack of food. The Mordor orc hits! The little dog eats a Mordor orc corpse. The Mordor orc hits! The Mordor orc hits! You regain consciousness. The Mordor orc hits! You die... Do you want your possessions identified? [ynq] (y) y Do you want to see your attributes? [ynq] (y) y Do you want an account of creatures vanquished? [ynaq] (y) y Do you want to see your conduct and achievements? [ynq] (y) y Do you want to see the dungeon overview? [ynq] (y) y Major events: Turn 1: Gandelf the neutral male human Monk entered the dungeon 1090: attained the rank of Novice (level 3) 1123: entered the Gnomish Mines 2583: attained the rank of Initiate (level 6) 2796: killed by a Mordor orc Inventory: Coins $ - 932 gold pieces Weapons w - 9 +0 arrows B - a +0 crossbow bolt x - a blessed +1 bow C - a +0 crossbow A - a +0 dart M - 6 cursed -1 darts n - a +0 spear H - a +0 dwarvish mattock Armor I - an uncursed +0 dwarvish iron helm a - an uncursed +2 pair of leather gloves (being worn) J - an uncursed +0 dwarvish cloak b - an uncursed +1 robe (being worn) K - a blessed +0 dwarvish mithril-coat Comestibles q - an uncursed slime mold g - 6 uncursed apples y - an uncursed carrot f - 4 uncursed food rations i - 3 uncursed fortune cookies h - 6 uncursed oranges D - an uncursed tripe ration l - an uncursed lichen corpse L - an uncursed lichen corpse U - an uncursed Mordor orc corpse Scrolls t - an uncursed scroll of confuse monster k - an uncursed scroll of create monster j - an uncursed scroll of destroy armor d - 2 uncursed scrolls of remove curse Spellbooks c - a blessed spellbook of confuse monster Potions p - an uncursed potion of gain level S - an uncursed potion of object detection Q - a cursed potion of sickness e - 7 potions of holy water Rings P - a cursed ring of stealth Wands u - a wand of make invisible (0:4) Tools G - an uncursed figurine of a green mold O - an uncursed mirror T - an uncursed oil lamp o - a cursed oil lamp E - an uncursed wax candle Gems/Stones F - 2 uncursed jacinth stones v - an uncursed worthless piece of green glass m - an uncursed worthless piece of orange glass Gandelf the Monk's attributes: Background: You were an Initiate, a level 6 male human Monk. You were neutral, on a mission for Chih Sung-tzu who was opposed by Shan Lai Ching (lawful) and Huan Ti (chaotic). You were in the Dungeons of Doom, on level 5. You entered the dungeon 2796 turns ago. It was nighttime. You had 448 experience points, 192 more were needed to attain level 7. Your score was 2924 before end-of-game adjustments. Basics: You had 0 out of 46 hit points. You had all 35 energy points (spell power). Your armor class was 4. Your wallet contained 932 zorkmids. Autopickup was off. Final Characteristics: Your strength was 16 (base:17, peak:18, limit:18/100). Your dexterity was 13 (limit:18). Your constitution was 12 (limit:18). Your intelligence was 11 (limit:18). Your wisdom was 14 (limit:18). Your charisma was 9 (limit:18). Final Status: You were deaf. You were fainting due to starvation. You were overtaxed; movement was extremely slowed. You were empty handed. You had basic skill with martial arts and could have enhanced that. Final Attributes: You were piously aligned. You were sleep resistant. You were poison resistant. You saw invisible. You were invisible to others. You were stealthy. You were guarded. You were fast. You are dead. Miscellaneous: You never encountered a bones level. Total elapsed playing time was 1 hour, 17 minutes and 18 seconds. Vanquished creatures: a water nymph 7 Mordor orcs 3 gnome leaders 2 elf zombies a straw golem a dwarf a werejackal 3 iguanas 4 killer bees 3 hobbits 3 manes a giant rat a yellow mold a green mold 6 gnomes a gnome zombie 3 geckos 8 jackals 3 foxes 2 kobolds a goblin 7 grid bugs 3 lichens a kobold zombie 2 newts 69 creatures vanquished. No species were genocided or became extinct. Voluntary challenges: You followed a strict vegan diet. You never hit with a wielded weapon. You were illiterate. You never engraved Elbereth. You never genocided any monsters. You never polymorphed an object. You never changed form. You used no wishes. Achievements: You attained the rank of Novice. You entered the Gnomish Mines. You entered a shop. You attained the rank of Initiate. The Dungeons of Doom: levels 1 to 5 Level 1: A fountain, a sink. Level 2: Level 3: A general store, a grave. Stairs down to The Gnomish Mines. Level 4: Some fountains. Level 5: <- You were here. An altar to Chih Sung-tzu. Final resting place for you, killed by a Mordor orc. The Gnomish Mines: Level 4: Game over: ---------- / \ / REST \ / IN \ / PEACE \ / \ | Gandelf | | 932 Au | | killed by a | | Mordor orc | | | | | | 2022 | *| * * * | * _________)/\\_//(\/(/\)/\//\/|_)_______ Goodbye Gandelf the Monk... You died in The Dungeons of Doom on dungeon level 5 with 2831 points, and 932 pieces of gold, after 2796 moves. You were level 6 with a maximum of 46 hit points when you died.